 Seeded DCSS version 0.30-a0-389-g8d7d949f56 (webtiles) character file.

Game seed: 11271991 (custom seed)

267393 McGhostyFace the Prince of Secrets (level 20, 0/120 HPs)
             Began as a Gnoll Wanderer on Dec 3, 2022.
             Was a High Priest of Ashenzari.
             Slain by a thrashing horror (10 damage)
             ... on level 3 of the Abyss on Dec 4, 2022.
             The game lasted 02:38:49 (48332 turns).

McGhostyFace the Prince of Secrets (GnWn)          Turns: 48332, Time: 02:38:51

Health: 0/120      AC: 29    Str: 14      XL:     20   Next: 12%
Magic:  5/42       EV: 24    Int: 21 (22) God:    Ashenzari [*****.]
Gold:   2760       SH: 14    Dex: 12      Spells: 28/56 levels left

rFire   + . .      SeeInvis +    A - +3 flail of the Sublime Seer {protect, Bglg, Self} (curse)
rCold   + . .      Faith    .    D - +0 kite shield of Toth-Mos's Legacy {rF+ Str+2 Dex+2, Alch, Bglg} (curse)
rNeg    . . .      Spirit   .    O - +0 acid dragon scales of the Bound Blue Moon {rCorr, Fort, Cun} (curse)
rPois   +          Reflect  .    P - +0 helmet "Cosmic Stoicism" {rC+, Bglg, Evo} (curse)
rElec   .          Harm     .    Q - +2 cloak of the Distant Seer {Melee, Cun} (curse)
rCorr   +          Rampage  .    o - +2 pair of gloves "Mantic Dissatisfaction" {Str+3, Cun, Bglg} (curse)
Will    +....      Clarity  +    x - +2 pair of boots "Cursed With Me" {Cun, Melee} (curse)
Stlth   +++++++...               q - amulet of the Oracular Sky {RegenMP, Self, Cun} (curse)
HPRegen 0.00/turn                j - ring "Jitzif" {rPois Str+3 Int+2}
MPRegen 0.68/turn                H - ring of Ashenzari's Suspicion {EV+4, Fort, Self} (curse)

@: about to teleport, under a protective aura, sick, unable to drink
A: fangs 1, strong nose, distributed training, iridescent scales 1,
deterioration 1, sturdy frame 1, [clumsy 2], [deformed body], [frail 3],
[screaming 2], ([teleportitis 2]), [weak 2], [no potion heal 2], [inability to
drink after injury 1]
}: 2/15 runes: barnacled, gossamer
a: Renounce Religion, Curse Item, Shatter the Chains


You were on level 3 of the Abyss.
You worshipped Ashenzari.
Ashenzari was extremely pleased with you.
You visited 7 branches of the dungeon, and saw 34 of its levels.
You visited the Abyss 1 time.
You also visited: Gauntlet, Ice Cave and Volcano.

You collected 3351 gold pieces.
You spent 591 gold pieces at shops.

Inventory:

Hand Weapons
 A - the cursed +3 flail of the Sublime Seer (weapon) {protect, Bglg, Self}
   (You took it off Edmund on level 4 of the Dungeon)

   It grants its wielder temporary protection when it strikes (+7 to AC).
   It has a curse which improves the following skills: Beguiling: Conjurations,
   Hexes and Translocations.
   Introspection: Fighting and Spellcasting.
Missiles
 a - 34 poisoned darts
 K - 9 throwing nets
Armour
 o - the cursed +2 pair of gloves "Mantic Dissatisfaction" (worn) {Str+3, Cun, Bglg}
   (You found it in a Gauntlet)

   It has a curse which improves the following skills: Cunning: Dodging and
   Stealth.
   Beguiling: Conjurations, Hexes and Translocations.
 v - a +0 cloak of poison resistance
 x - the cursed +2 pair of boots "Cursed With Me" (worn) {Cun, Melee}
   (You bought it in a shop on level 2 of the Orcish Mines)

   It has a curse which improves the following skills: Cunning: Dodging and
   Stealth.
   Melee Combat: Short Blades, Long Blades, Axes, Maces & Flails, Polearms,
   Staves and Unarmed Combat.
 D - the cursed +0 kite shield of Toth-Mos's Legacy (worn) {rF+ Str+2 Dex+2, Alch, Bglg}
   (You took it off a minotaur in a Gauntlet)

   Str:       It affects your strength (+2).
   Dex:       It affects your dexterity (+2).
   rF:        It protects you from fire.
   It has a curse which improves the following skills: Alchemy: Poison Magic and
   Transmutations.
   Beguiling: Conjurations, Hexes and Translocations.
 O - the cursed +0 acid dragon scales of the Bound Blue Moon (worn) {rCorr, Fort, Cun}
   (You took it off Maggie on level 7 of the Dungeon)

   rCorr:     It protects you from acid and corrosion.
   It has a curse which improves the following skills: Fortitude: Armour and
   Shields.
   Cunning:   Dodging and Stealth.
 P - the cursed +0 helmet "Cosmic Stoicism" (worn) {rC+, Bglg, Evo}
   (You found it on level 7 of the Dungeon)

   rC:        It protects you from cold.
   It has a curse which improves the following skills: Beguiling: Conjurations,
   Hexes and Translocations.
   Evocations: Evocations.
 Q - the cursed +2 cloak of the Distant Seer (worn) {Melee, Cun}
   (You found it on level 7 of the Dungeon)

   It has a curse which improves the following skills: Melee Combat: Short
   Blades, Long Blades, Axes, Maces & Flails, Polearms, Staves and Unarmed
   Combat.
   Cunning:   Dodging and Stealth.
Jewellery
 e - a ring of resist corrosion
 i - a ring of flight
 j - the ring "Jitzif" (left hand) {rPois Str+3 Int+2}
   (You found it in a Gauntlet)

   [ring of poison resistance]

   Str:       It affects your strength (+3).
   Int:       It affects your intelligence (+2).
   rPois:     It protects you from poison.
 q - the cursed amulet of the Oracular Sky (around neck) {RegenMP, Self, Cun}
   (You found it on level 3 of the Dungeon)

   [amulet of magic regeneration]

   It increases your rate of magic regeneration.
   It has a curse which improves the following skills: Introspection: Fighting
   and Spellcasting.
   Cunning:   Dodging and Stealth.
 E - an amulet of reflection
 H - the cursed ring of Ashenzari's Suspicion (right hand) {EV+4, Fort, Self}
   (You found it on level 5 of the Dungeon)

   [ring of evasion]

   EV:        It affects your evasion (+4).
   It has a curse which improves the following skills: Fortitude: Armour and
   Shields.
   Introspection: Fighting and Spellcasting.
 R - a ring of willpower
 W - an amulet of regeneration
Wands
 c - a wand of mindburst (12)
 h - a wand of light (4)
 B - a wand of digging (5)
 J - a wand of flame (63)
 M - a wand of iceblast (12)
 Z - a wand of charming (20)
Scrolls
 p - 2 scrolls of silence
 r - 2 scrolls of summoning
 s - 19 scrolls of teleportation
 t - 12 scrolls of fear
 u - 3 scrolls of blinking
 w - 3 scrolls of brand weapon
 y - 4 scrolls of poison
 C - 5 scrolls of magic mapping
 F - a scroll of enchant weapon
 I - 3 scrolls of butterflies
 L - 8 scrolls of amnesia
Potions
 b - 3 potions of flight
 d - 4 potions of invisibility
 f - 6 potions of resistance
 g - 6 potions of heal wounds
 k - 5 potions of cancellation
 m - 14 potions of curing
 n - 2 potions of brilliance
 G - a potion of haste
 S - 2 potions of might
 T - 3 potions of magic
 V - 2 potions of berserk rage
 Y - 5 potions of ambrosia
Miscellaneous
 l - a phantom mirror (inert)
 z - a tin of tremorstones (2/2)
 N - a box of beasts
 U - a condenser vane
 X - a phial of floods


   Skills:
 + Level 14.2(18.7) Fighting
 + Level 14.0(17.4) Short Blades
 + Level 14.0(17.4) Long Blades
 + Level 14.0(17.4) Axes
 + Level 14.0(17.4) Maces & Flails
 + Level 14.0(17.4) Polearms
 + Level 14.0(17.4) Staves
 + Level 14.0 Ranged Weapons
 + Level 15.3 Throwing
 + Level 14.0(17.4) Armour
 + Level 14.0(20.3) Dodging
 + Level 14.0(20.3) Stealth
 + Level 14.0(17.4) Shields
 + Level 14.0(17.4) Unarmed Combat
 + Level 14.2(18.7) Spellcasting
 + Level 11.9(17.3) Conjurations
 + Level 11.9(17.3) Hexes
 + Level 11.9 Summonings
 + Level 11.9 Necromancy
 + Level 11.9(17.3) Translocations
 + Level 11.9(14.1) Transmutations
 + Level 11.9 Fire Magic
 + Level 11.9 Ice Magic
 + Level 11.9 Air Magic
 + Level 13.0 Earth Magic
 + Level 11.9(14.1) Poison Magic
 + Level 15.4 Invocations
 + Level 14.2(16.4) Evocations


You had 28 spell levels left.
You knew the following spells:

 Your Spells              Type           Power      Damage    Failure   Level
a - Sandblast             Erth           100%       2d20      1%          1
b - Stone Arrow           Conj/Erth      100%       3d13      1%          3
c - Mephitic Cloud        Conj/Pois/Air  69%        N/A       1%          3
d - Dispel Undead         Necr           62%        3d22      1%          4
e - Freezing Cloud        Conj/Ice/Air   33%        6-21      1%          5
f - Iron Shot             Conj/Erth      35%        9d7       1%          6
g - Death Channel         Necr           31%        N/A       4%          6

Your spell library contained the following spells:

 Spells                   Type           Power      Damage    Failure   Level
 Apportation              Tloc           100%       N/A       0%          1
 Kiss of Death            Conj/Necr      100%       2d13      0%          1
 Magic Dart               Conj           100%       1d8       0%          1
 Shock                    Conj/Air       100%       1d9       0%          1
 Blink                    Tloc           100%       N/A       0%          2
 Ensorcelled Hibernation  Hex/Ice        100%       N/A       0%          2
 Momentum Strike          Conj/Tloc      100%       3d10      0%          2
 Confusing Touch          Hex            75%        N/A       0%          3
 Lesser Beckoning         Tloc           100%       N/A       0%          3
 Portal Projectile        Hex/Tloc       100%       N/A       0%          3
 Freeze                   Ice            100%       1d10      1%          1
 Necrotise                Necr           100%       1d9       1%          1
 Summon Small Mammal      Summ           100%       N/A       1%          1
 Call Imp                 Summ           62%        N/A       1%          2
 Passwall                 Tmut/Erth      55%        N/A       1%          2
 Sublimation of Blood     Necr           62%        N/A       1%          2
 Call Canine Familiar     Summ           62%        N/A       1%          3
 Frozen Ramparts          Ice            100%       1d16      1%          3
 Hailstorm                Conj/Ice       69%        3d14      1%          3
 Inner Flame              Hex/Fire       69%        N/A       1%          3
 Swiftness                Air            62%        N/A       1%          3
 Airstrike                Air            31%        2d(5-21)  1%          4
 Animate Armour           Summ/Erth      100%       N/A       1%          4
 Animate Dead             Necr           62%        N/A       1%          4
 Flame Wave               Conj/Fire      69%        2d16      1%          4
 Ice Form                 Ice/Tmut       65%        N/A       1%          4
 Leda's Liquefaction      Hex/Erth       35%        N/A       1%          4
 Manifold Assault         Tloc           75%        N/A       1%          4
 Petrify                  Tmut/Erth      67%        N/A       1%          4
 Sticky Flame             Conj/Fire      69%        2d8       1%          4
 Summon Ice Beast         Ice/Summ       62%        N/A       1%          4
 Alistair's Intoxication  Tmut/Pois      45%        N/A       1%          5
 Blade Hands              Tmut           34%        N/A       1%          5
 Borgnjor's Vile Clutch   Necr/Erth      32%        N/A       1%          5
 Irradiate                Conj/Tmut      36%        3d23      1%          5
 Lightning Bolt           Conj/Air       34%        1d52      1%          5
 Dispersal                Tloc           37%        N/A       1%          6
 Eringya's Noxious Bog    Tmut/Pois      34%        N/A       1%          6
 Simulacrum               Ice/Necr       31%        N/A       4%          6
 Storm Form               Tmut/Air       32%        N/A       19%         7
 Disjunction              Tloc           37%        N/A       24%         8
 Polar Vortex             Ice            31%        N/A       100%        9


Dungeon Overview and Level Annotations

Branches:
Dungeon (15/15)            Temple (1/1) D:4            Lair (5/5) D:10
 Shoals (4/4) Lair:3       Spider (4/4) Lair:3        Slime (0/5) Lair:5
    Orc (2/2) D:9             Elf (3/3) Orc:2        Vaults (0/5) D:13
 Depths (0/4) D:15          IceCv (visited)         Volcano (visited)
Gauntlet (visited)

Altars:
Ashenzari
Cheibriados
Elyvilon
Fedhas
Hepliaklqana
Kikubaaqudgha
Makhleb
Nemelex Xobeh
Qazlal
Ru
Trog
Vehumet
The Shining One
Jiyva

Shops:
D:5 [   Orc:2 :[[[   Shoals:1 [

Portals:
Trove: D:14 (give 17 scrolls of teleportation)


Innate Abilities, Weirdness & Mutations

You have very sharp teeth.
Your uncanny sense of smell can sniff out nearby items.
Your experience applies equally to all skills.
You are partially covered in iridescent scales. (AC +2)
Your body sometimes deteriorates upon taking damage.
Your movements are slightly less encumbered by armour. (ER -2)
[You are very clumsy. (Dex -4)]
[Armour fits poorly on your strangely shaped body.]
[You are extremely frail. (-30% HP)]
[You frequently scream uncontrollably at your foes.]
[((You are often teleported next to monsters.))]
[You are very weak. (Str -4)]
[Potions cannot restore your health.]
[You occasionally lose the ability to drink potions when taking damage.]


Message History

You feel agile.
You feel more energetic.
Your urge to scream lessens.
You feel more energetic.
You feel clever.
You lose the ability to drink potions when taking damage less often.
Your life force feels restored.
You closely miss the thrashing horror.
The thrashing horror is severely damaged.
The thrashing horror completely misses you.
You block the thrashing horror's attack.
You block the shadow's attack. You block the ancient zyme's attack.
The ancient zyme completely misses you.
The wretched star pulses with an eldritch light!
You feel a strong urge to scream.
You feel clumsy. x2
You closely miss the ancient zyme.
The ancient zyme is severely damaged.
The thrashing horror is engulfed in freezing vapours.
A starcursed mass comes into view.
The thrashing horror tramples you!
* * * LOW HITPOINT WARNING * * *
You hold your ground!
The thrashing horror tramples you but does no damage.
You block the shadow's attack. The ancient zyme misses you. x2
You sock the ancient zyme!
You bite the ancient zyme, but do no damage.
The ancient zyme is almost destroyed.
The thrashing horror misses you. The thrashing horror barely misses you.
The smoke demon gestures at you. Something smites you!
* * * LOW HITPOINT WARNING * * *
A starcursed mass splits.
A raiju comes into view.
The shadow hits you. The ancient zyme hits you.
* * * LOW HITPOINT WARNING * * *
The ancient zyme barely misses you.
The raiju barks!
You sock the ancient zyme!
You destroy the ancient zyme!
The thrashing horror tramples you but does no damage.
The thrashing horror closely misses you.
The thrashing horror tramples you!
You die...

, ,..# , ..##
** , * * {.{
, #.....#* ,
, #. #....##
* * , , ,
#.####...#h#,
,* , * *
*#........# *
, * , , { ,
#h○§§..# # ,*
, * *#X○53*.
* * , , *
#X..WX## #, ,
, ,* .{##X@#
{* , *#. ####
*, . , * *,
#{ {{ * * ,,
,, ,# , *{{
,*, ,, ,{ #
** {, , ,* ,
,..,* { ,**
*** ** , * *,
{,,* , , * ,
* ,*, ⌠* *⌠ *
* , , , * * *
* , ,


You could see 2 starcursed masses, a wretched star, 2 thrashing horrors, a smoke
demon, 2 raiju, a shadow and a crimson imp.

Vanquished Creatures
  Arachne (Spider:3)
  A tentacled monstrosity (Abyss:3)
  Jorgrun (Elf:2)
  A lich (Abyss:3)
  Frances (Shoals:1)
  3 tentacled starspawn (Abyss:3)
  4 krakens
  Ilsuiw (Shoals:2)
  4 emperor scorpions
  2 frost giants
  3 ghost moths
  A cacodemon (Abyss:3)
  2 deep elf elementalists
  A broodmother (Spider:3)
  An orc warlord (Orc:2)
  Azrael (Spider:2)
  A minotaur (Gauntlet)
  2 spark wasps (Spider:4)
  A dire elephant (D:15)
  2 blizzard demons (IceCv)
  7 merfolk javelineers
  8 merfolk impalers
  A deep elf high priest (Elf:1)
  8 vault guards
  Harold (D:9)
  2 great orbs of eyes
  3 entropy weavers
  3 hydras
  2 ogre magi (Orc:2)
  6 catoblepae
  The ghost of baller8008 the Thaumaturge, a journeyman DjCj of Jiyva (D:10)
  Erica (Lair:1)
  A merfolk avatar (Shoals:2)
  A merfolk aquamancer (Shoals:4)
  7 boulder beetles
  10 two-headed ogres
  2 alligator snapping turtles (Shoals:4)
  2 satyrs
  6 centaur warriors
  25 dancing weapons
  6 death yaks (Lair:5)
  A tengu warrior (D:15)
  2 thrashing horrors (Abyss:3)
  17 deep elf knights
  3 wretched stars (Abyss:3)
  Amaemon (Lair:1)
  13 sea snakes
  A sun moth (Spider:3)
  3 pharaoh ants
  A bog body (IceCv)
  4 steelbarb worms
  A glowing orange brain (Abyss:3)
  An obsidian statue (IceCv)
  11 orb spiders
  2 deep trolls (Orc:2)
  6 deep elf archers
  An orc knight (D:14)
  7 spriggan simulacra (IceCv)
  A harpy (shapeshifter) (D:15)
  21 deep elf pyromancers
  8 fauns
  An orc sorcerer (Elf:2)
  22 wolf spiders
  14 harpies
  15 deep elf zephyrmancers
  12 cyclopes
  24 ugly things
  3 moths of wrath
  4 oklob plants
  6 elephants (Lair:5)
  21 manticores
  3 black mambas
  9 merfolk sirens
  8 cane toads
  A centaur zombie (Abyss:3)
  A smoke demon (Gauntlet)
  5 gargoyles
  6 water nymphs
  5 torpor snails
  An unseen horror (D:10)
  2 orange demons
  A cane toad (shapeshifter) (D:15)
  8 demonic crawlers
  A freezing wraith (IceCv)
  Maggie (D:7)
  A kobold demonologist (D:14)
  5 rime drakes
  7 komodo dragons
  An efreet (Volcano)
  7 ice devils (IceCv)
  An anaconda simulacrum (IceCv)
  26 merfolk
  2 ancient zymes (Abyss:3)
  2 golden dragon simulacra (IceCv)
  A tengu conjurer (D:15)
  18 trolls
  2 wind drakes
  3 meliai (Spider:1)
  Grinder (D:5)
  A polar bear (Lair:3)
  A hornet (shapeshifter) (D:14)
  A tyrant leech (Gauntlet)
  10 blink frogs
  5 slime creatures (D:13)
  A raiju (Abyss:3)
  23 tarantellas
  14 snapping turtles
  9 dream sheep
  6 hornets
  25 jumping spiders
  4 flying skulls (Abyss:3)
  6 air elementals
  4 water elementals
  25 culicivoras
  2 shadows (D:12)
  3 wyverns
  4 dire elephant simulacra (IceCv)
  4 wraiths
  66 yaks
  4 large abominations (Abyss:3)
  A hog (shapeshifter) (D:13)
  3 basilisks
  A redback (shapeshifter) (D:15)
  A neqoxec (Abyss:3)
  A chaos spawn (Abyss:3)
  6 minotaur simulacra (IceCv)
  3 steam dragons
  8 fire elementals
  8 vampire mosquitoes
  61 redbacks
  2 swamp worms (Gauntlet)
  2 wargs (Orc:2)
  7 acid dragons
  Edmund (D:4)
  2 harpy simulacra (IceCv)
  4 hell hounds (Spider:2)
  6 water moccasins
  24 orc warriors
  An ice beast (D:6)
  A sky beast (D:6)
  An ettin simulacrum (IceCv)
  16 wolves
  7 centaurs
  4 boggarts (D:15)
  17 ogres (Orc:2)
  A phantom (D:6)
  2 kobold brigands
  12 bullfrogs
  2 scorpions
  3 necrophages (D:6)
  7 gnoll sergeants
  2 earth elementals
  11 deep troll simulacra (IceCv)
  2 lindwurm simulacra (IceCv)
  13 killer bees
  2 electric eels
  3 vampire bats (Lair:2)
  2 crimson imps (Gauntlet)
  6 howler monkeys
  3 jellies
  A quasit (Abyss:3)
  7 orc priests
  7 hounds
  An iron imp (Abyss:3)
  3 gnoll boudas (D:7)
  4 iguanas
  13 orc wizards
  7 hell rats
  2 small abominations (Abyss:3)
  Robin (D:4)
  25 gnolls
  5 adders
  7 river rats (Lair:1)
  A white imp (D:5)
  An ufetubus (Abyss:3)
  2 worms
  2 dart slugs
  41 orcs
  9 bats
  5 endoplasms
  3 giant cockroaches
  11 goblins
  8 hobgoblins
  15 jackals
  11 kobolds
  5 quokkas
  8 ball pythons
  5 frilled lizards
  7 rats
  A bush (Lair:5)
  2 starspawn tentacles (Abyss:3)
  4 tentacles
1194 creatures vanquished.

Vanquished Creatures (collateral kills)
  A two-headed ogre (Orc:2)
  3 deep elf pyromancers (Elf:1)
  A wolf spider (Spider:4)
  An ancient zyme (Abyss:3)
  2 raiju (Abyss:3)
  2 flying skulls (Abyss:3)
  2 redbacks (Spider:4)
  An orc warrior (Orc:2)
13 creatures vanquished.

Vanquished Creatures (others)
  A deep elf knight (Elf:2)
  An orc sorcerer (Orc:2)
  3 small abominations (Abyss:3)
  19 fungi
  70 plants
  12 starspawn tentacles (Abyss:3)
  18 tentacles
124 creatures vanquished.

Grand Total: 1331 creatures vanquished

Notes
Turn   | Place    | Note
-------+----------+-------------------------------------------
     0 | D:1      | McGhostyFace the Gnoll Wanderer began the quest for the
                  | Orb.
     0 | D:1      | McGhostyFace set off with the following items: a +2 dagger,
                  | 2 curare-tipped darts, a piece from Xom's chessboard
                  | (15/15), a potion of invisibility, a +0 robe; and the
                  | following spell memorised: Sandblast; and the following
                  | spells available to memorise: Stone Arrow.
     0 | D:1      | Reached XP level 1. HP: 17/17 MP: 4/4
   146 | D:1      | Reached XP level 2. HP: 23/23 MP: 2/5
   835 | D:2      | Reached XP level 3. HP: 16/28 MP: 1/7
  1289 | D:2      | Learned a level 3 spell: Stone Arrow
  1367 | D:2      | Reached skill level 1 in Short Blades
  1367 | D:2      | Reached skill level 1 in Long Blades
  1367 | D:2      | Reached skill level 1 in Axes
  1367 | D:2      | Reached skill level 1 in Maces & Flails
  1367 | D:2      | Reached skill level 1 in Polearms
  1367 | D:2      | Reached skill level 1 in Staves
  1367 | D:2      | Reached skill level 1 in Ranged Weapons
  1367 | D:2      | Reached skill level 1 in Armour
  1367 | D:2      | Reached skill level 1 in Dodging
  1367 | D:2      | Reached skill level 1 in Stealth
  1367 | D:2      | Reached skill level 1 in Shields
  1367 | D:2      | Reached skill level 1 in Unarmed Combat
  1558 | D:2      | Reached XP level 4. HP: 14/34 MP: 3/8
  2189 | D:3      | Reached skill level 1 in Conjurations
  2189 | D:3      | Reached skill level 1 in Hexes
  2189 | D:3      | Reached skill level 1 in Summonings
  2189 | D:3      | Reached skill level 1 in Necromancy
  2189 | D:3      | Reached skill level 1 in Translocations
  2189 | D:3      | Reached skill level 1 in Transmutations
  2189 | D:3      | Reached skill level 1 in Fire Magic
  2189 | D:3      | Reached skill level 1 in Ice Magic
  2189 | D:3      | Reached skill level 1 in Air Magic
  2189 | D:3      | Reached skill level 1 in Poison Magic
  2840 | D:4      | Reached XP level 5. HP: 40/40 MP: 7/9
  2880 | D:4      | Noticed Robin
  2893 | D:4      | Killed Robin
  3136 | D:4      | Found a staircase to the Ecumenical Temple.
  3536 | Temple   | Entered the Ecumenical Temple
  3689 | Temple   | Became a worshipper of Ashenzari the Shackled
  3747 | D:4      | Noticed Edmund
  3756 | D:4      | Killed Edmund
  3757 | D:4      | Reached XP level 6. HP: 47/47 MP: 2/11
  4075 | D:5      | Entered Level 5 of the Dungeon
  4206 | D:5      | Found Pouzof's Armour Emporium.
  4219 | D:5      | Bought a +0 buckler for 49 gold pieces
  4224 | D:5      | Bought a +0 pair of gloves for 49 gold pieces
  4437 | D:5      | Reached XP level 7. HP: 52/52 MP: 10/12
  4468 | D:5      | Noticed Grinder
  4495 | D:5      | Killed Grinder
  4905 | D:5      | Learned a level 3 spell: Mephitic Cloud
  5093 | D:6      | Reached XP level 8. HP: 39/60 MP: 14/14
  6083 | D:7      | Reached skill level 5 in Invocations
  6294 | D:7      | Reached XP level 9. HP: 66/66 MP: 14/16
  6313 | D:7      | Reached skill level 5 in Spellcasting
  6407 | D:7      | Noticed Maggie
  6434 | D:7      | Killed Maggie
  6435 | D:7      | Reached skill level 5 in Fighting
  6435 | D:7      | Reached skill level 5 in Evocations
  6650 | D:7      | Identified the +0 helmet of Roth {rC+}
  7138 | D:7      | Reached * piety under Ashenzari
  7308 | D:7      | Found a burning altar of Makhleb.
  7750 | D:8      | Noticed a hornet
  7753 | D:8      | Paralysed by a hornet for 3 turns
  7759 | D:8      | Killed a hornet
  7927 | D:8      | Reached skill level 5 in Short Blades
  7927 | D:8      | Reached skill level 5 in Long Blades
  7927 | D:8      | Reached skill level 5 in Axes
  7927 | D:8      | Reached skill level 5 in Maces & Flails
  7927 | D:8      | Reached skill level 5 in Polearms
  7927 | D:8      | Reached skill level 5 in Staves
  7927 | D:8      | Reached skill level 5 in Ranged Weapons
  7927 | D:8      | Reached skill level 5 in Armour
  7927 | D:8      | Reached skill level 5 in Dodging
  7927 | D:8      | Reached skill level 5 in Stealth
  7927 | D:8      | Reached skill level 5 in Shields
  7927 | D:8      | Reached skill level 5 in Unarmed Combat
  7927 | D:8      | Reached XP level 10. HP: 76/76 MP: 16/18
  7956 | D:8      | Found a blossoming altar of Fedhas.
  7957 | D:8      | Gained mutation: [You occasionally shout uncontrollably at
                  | your foes.] [potion of mutation]
  7957 | D:8      | Gained mutation: You are agile. (Dex +4, Str/Int -1)
                  | [potion of mutation]
  7957 | D:8      | Gained mutation: You are very agile. (Dex +8, Str/Int -2)
                  | [potion of mutation]
  7958 | D:8      | Lost mutation: You are very agile. (Dex +8, Str/Int -2)
                  | [potion of mutation]
  7958 | D:8      | Lost mutation: [You occasionally shout uncontrollably at
                  | your foes.] [potion of mutation]
  7958 | D:8      | Gained mutation: You are somewhat resistant to further
                  | mutation. [potion of mutation]
  7966 | D:8      | Found a hazy altar of Hepliaklqana.
  8180 | D:8      | Reached ** piety under Ashenzari
  8992 | D:9      | Noticed Harold
  9018 | D:9      | Killed Harold
  9040 | D:9      | Reached skill level 5 in Conjurations
  9040 | D:9      | Reached skill level 5 in Hexes
  9040 | D:9      | Reached skill level 5 in Summonings
  9040 | D:9      | Reached skill level 5 in Necromancy
  9040 | D:9      | Reached skill level 5 in Translocations
  9040 | D:9      | Reached skill level 5 in Transmutations
  9040 | D:9      | Reached skill level 5 in Fire Magic
  9040 | D:9      | Reached skill level 5 in Ice Magic
  9040 | D:9      | Reached skill level 5 in Air Magic
  9040 | D:9      | Reached skill level 5 in Poison Magic
  9040 | D:9      | Reached XP level 11. HP: 47/83 MP: 15/21
  9160 | D:9      | Found a staircase to the Orcish Mines.
  9371 | D:9      | Found a stormy altar of Qazlal.
  9499 | D:10     | Entered Level 10 of the Dungeon
  9512 | D:10     | Found a runed translucent door.
  9514 | D:10     | Noticed baller8008's ghost (journeyman DjCj)
  9530 | D:10     | Noticed an oklob plant
  9552 | D:10     | Noticed an oklob plant
  9592 | D:10     | Reached *** piety under Ashenzari
  9740 | D:10     | Noticed a two-headed ogre
  9751 | D:10     | Killed a two-headed ogre
 10042 | D:10     | Found a staircase to the Lair.
 10053 | D:10     | Killed an oklob plant
 10219 | D:10     | Killed an oklob plant
 10492 | D:10     | Learned a level 4 spell: Dispel Undead
 10498 | D:10     | Learned a level 5 spell: Freezing Cloud
 10507 | D:10     | Killed baller8008's ghost
 10849 | D:11     | Identified the Spellbook of Conduction
 10864 | D:11     | Noticed a manticore
 10870 | D:11     | Noticed a centaur warrior
 10882 | D:11     | Killed a manticore
 10883 | D:11     | Killed a centaur warrior
 10998 | D:11     | Noticed a two-headed ogre
 11010 | D:11     | Killed a two-headed ogre
 11011 | D:11     | Reached XP level 12. HP: 80/91 MP: 23/23
 11896 | D:12     | Noticed a boulder beetle
 11907 | D:12     | Killed a boulder beetle
 11981 | D:12     | Reached skill level 10 in Throwing
 12552 | D:12     | Reached **** piety under Ashenzari
 12583 | D:12     | Noticed a boulder beetle
 12601 | D:12     | Killed a boulder beetle
 13095 | Lair:1   | Entered Level 1 of the Lair of Beasts
 13180 | Lair:1   | Noticed Erica
 13200 | Lair:1   | Killed Erica
 13904 | Lair:1   | Noticed a catoblepas
 13919 | Lair:1   | Killed a catoblepas
 13927 | Lair:1   | Reached XP level 13. HP: 37/99 MP: 14/25
 14307 | Lair:1   | Noticed Amaemon
 14315 | Lair:1   | Killed Amaemon
 15521 | Lair:3   | Found a staircase to the Shoals.
 15979 | Lair:3   | Found a hole to the Spider Nest.
 16703 | Lair:4   | Reached skill level 10 in Invocations
 16842 | Lair:4   | Found a dark tunnel.
 16847 | Volcano  | Entered a volcano
 18246 | Lair:5   | Entered Level 5 of the Lair of Beasts
 18415 | Lair:5   | Reached XP level 14. HP: 98/113 MP: 29/29
 18616 | Lair:5   | Found a viscous altar of Jiyva.
 18616 | Lair:5   | Found a staircase to the Slime Pits.
 19470 | Lair:5   | Reached skill level 10 in Spellcasting
 19706 | Lair:5   | Reached skill level 10 in Fighting
 19706 | Lair:5   | Reached skill level 10 in Evocations
 19707 | Lair:5   | Identified the amulet of Zaxustro {Spirit Rampage *Corrode
                  | Str+4 Int+6}
 20595 | Orc:1    | Entered Level 1 of the Orcish Mines
 20661 | Orc:2    | Entered Level 2 of the Orcish Mines
 20733 | Orc:2    | Found Aploxoju's Armour Emporium.
 20801 | Orc:2    | Reached ***** piety under Ashenzari
 20830 | Orc:2    | Reached skill level 10 in Earth Magic
 20875 | Orc:2    | Reached skill level 10 in Short Blades
 20875 | Orc:2    | Reached skill level 10 in Long Blades
 20875 | Orc:2    | Reached skill level 10 in Axes
 20875 | Orc:2    | Reached skill level 10 in Maces & Flails
 20875 | Orc:2    | Reached skill level 10 in Polearms
 20875 | Orc:2    | Reached skill level 10 in Staves
 20875 | Orc:2    | Reached skill level 10 in Ranged Weapons
 20875 | Orc:2    | Reached skill level 10 in Armour
 20875 | Orc:2    | Reached skill level 10 in Dodging
 20875 | Orc:2    | Reached skill level 10 in Stealth
 20875 | Orc:2    | Reached skill level 10 in Shields
 20875 | Orc:2    | Reached skill level 10 in Unarmed Combat
 20962 | Orc:2    | Found Cenarun's Armour Boutique.
 20991 | Orc:2    | Found Suatiegh's Book Boutique.
 20992 | Orc:2    | Found Apsyd's Armour Shop.
 20993 | Orc:2    | Found a staircase to the Elven Halls.
 21014 | Orc:2    | Noticed an orc warlord
 21036 | Orc:2    | Reached XP level 15. HP: 113/125 MP: 8/32
 21041 | Orc:2    | Killed an orc warlord
 22118 | Orc:2    | Bought a +2 pair of boots for 214 gold pieces
 22118 | Orc:2    | Bought a +2 pair of gloves of stealth for 279 gold pieces
 22318 | D:13     | Found a gate leading to a gauntlet.
 22327 | Gauntlet | Entered a Gauntlet
 22327 | Gauntlet | Found a transporter.
 22336 | Gauntlet | Found a transporter.
 22338 | Gauntlet | Found a transporter.
 22342 | Gauntlet | Found a runed translucent door.
 22342 | Gauntlet | Found a runed translucent door.
 22356 | Gauntlet | Found a transporter.
 22358 | Gauntlet | Found a transporter.
 22372 | Gauntlet | Found a transporter.
 22387 | Gauntlet | Identified the +0 helmet of the Heavens {rC- Will++ Int+2
                  | Dex+4}
 22388 | Gauntlet | Found a transporter.
 22398 | Gauntlet | Found a transporter.
 22399 | Gauntlet | Identified the +1 bardiche of Mourning {vorpal, Fly}
 22407 | Gauntlet | Found a runed translucent door.
 22407 | Gauntlet | Identified the ring of the Past {Contam rElec Will+ Dex+4}
 22408 | Gauntlet | Found a transporter.
 22409 | Gauntlet | Found a runed translucent door.
 22410 | Gauntlet | Identified the +9 flail of Qemadoni {freeze, rElec Str-2
                  | Int-3 Dex+8}
 22423 | Gauntlet | Found a transporter.
 22434 | Gauntlet | Identified the ring "Jitzif" {rPois Str+3 Int+2}
 22435 | Gauntlet | Found a transporter.
 22441 | Gauntlet | Found a transporter.
 22581 | Gauntlet | Found a transporter.
 22709 | Gauntlet | Identified the Cyclopedia of Lithic Evil
 22709 | Gauntlet | Identified the +1 sling of Extinguishment {flame, *Corrode
                  | Int+8}
 22709 | Gauntlet | Identified the +0 kite shield of Fumev {rF+ Str+2 Dex+2}
 23427 | D:13     | Found a gate to the Vaults.
 23775 | D:13     | Learned a level 6 spell: Iron Shot
 25196 | D:14     | Found a portal to a secret trove of treasure.
 25385 | D:15     | Entered Level 15 of the Dungeon
 25660 | D:15     | Reached XP level 16. HP: 133/133 MP: 34/34
 26407 | D:15     | Found a staircase to the Depths.
 27231 | Spider:1 | Entered Level 1 of the Spider Nest
 27266 | Spider:1 | Found a frozen archway.
 27278 | IceCv    | Entered an ice cave
 28418 | IceCv    | HP: 6/134 [blizzard demon/the air (8)]
 30700 | Spider:2 | Reached XP level 17. HP: 107/140 MP: 13/35
 30968 | Spider:2 | Reached skill level 10 in Conjurations
 30968 | Spider:2 | Reached skill level 10 in Hexes
 30968 | Spider:2 | Reached skill level 10 in Summonings
 30968 | Spider:2 | Reached skill level 10 in Necromancy
 30968 | Spider:2 | Reached skill level 10 in Translocations
 30968 | Spider:2 | Reached skill level 10 in Transmutations
 30968 | Spider:2 | Reached skill level 10 in Fire Magic
 30968 | Spider:2 | Reached skill level 10 in Ice Magic
 30968 | Spider:2 | Reached skill level 10 in Air Magic
 30968 | Spider:2 | Reached skill level 10 in Poison Magic
 31758 | Spider:2 | Noticed Azrael
 31772 | Spider:2 | Killed Azrael
 33558 | Spider:3 | Noticed Arachne
 33567 | Spider:3 | Killed Arachne
 34499 | Spider:4 | Entered Level 4 of the Spider Nest
 36161 | Spider:4 | Identified the -2 pair of boots of Witut {Drain Str+4
                  | Slay+5}
 36203 | Spider:4 | Got a gossamer rune of Zot
 36430 | Spider:4 | Identified the +7 scale mail "Tuixyom" {Dex+5 Slay-2}
 37037 | Shoals:1 | Entered Level 1 of the Shoals
 37132 | Shoals:1 | Reached XP level 18. HP: 151/151 MP: 29/38
 37613 | Shoals:1 | Noticed Frances
 37626 | Shoals:1 | Killed Frances
 37821 | Shoals:1 | Found a sacrificial altar of Ru.
 38082 | Shoals:1 | Found Qasuiz's Antique Armour Shop.
 38642 | Shoals:2 | Identified the +1 quarterstaff "Reclais" {flame, Int+6}
 39132 | Shoals:2 | Noticed Ilsuiw
 39144 | Shoals:2 | Killed Ilsuiw
 40887 | Shoals:3 | Identified the +0 trident "Osiom" {vorpal, rN++}
 41560 | Shoals:4 | Entered Level 4 of the Shoals
 43094 | Shoals:4 | Got a barnacled rune of Zot
 43124 | Shoals:4 | Reached XP level 19. HP: 123/163 MP: 11/41
 43238 | Shoals:4 | Identified the +0 acid dragon scales "Idaethy" {rCorr Str+4
                  | Int-2 SInv}
 44095 | Orc:2    | Learned a level 6 spell: Death Channel
 44096 | Elf:1    | Entered Level 1 of the Elven Halls
 44653 | Elf:1    | Paralysed by an air elemental for 1 turns
 45365 | Elf:1    | Lost mutation: You are somewhat resistant to further
                  | mutation. [potion of mutation]
 45365 | Elf:1    | Lost mutation: You are agile. (Dex +4, Str/Int -1) [potion
                  | of mutation]
 45365 | Elf:1    | Gained mutation: Your body sometimes deteriorates upon
                  | taking damage. [potion of mutation]
 45365 | Elf:1    | Gained mutation: Your movements are slightly less
                  | encumbered by armour. (ER -2) [potion of mutation]
 45365 | Elf:1    | Gained mutation: You are partially covered in iridescent
                  | scales. (AC +2) [potion of mutation]
 46072 | Elf:2    | Found a runed translucent gate.
 46073 | Elf:2    | Found a runed translucent gate.
 46073 | Elf:2    | Found a runed translucent gate.
 46220 | Elf:2    | Identified the +2 robe "Neerraakk" {Str+5}
 46351 | Elf:2    | Identified the +0 leather armour of Sumalis {Will+ Int+4}
 46364 | Elf:2    | Reached skill level 15 in Invocations
 46374 | Elf:2    | Reached skill level 15 in Throwing
 46818 | Elf:2    | Noticed Jorgrun
 46849 | Elf:2    | Killed Jorgrun
 47527 | Elf:2    | Found a radiant altar of Vehumet.
 47562 | Elf:3    | Entered Level 3 of the Elven Halls
 47562 | Elf:3    | Found an ancient bone altar of Kikubaaqudgha.
 47613 | Abyss:3  | Cast into level 3 of the Abyss (a deep elf demonologist)
 47686 | Abyss:3  | Noticed a tentacled monstrosity
 47691 | Abyss:3  | Killed a tentacled monstrosity
 47755 | Abyss:3  | Reached XP level 20. HP: 172/172 MP: 2/42
 48332 | Abyss:3  | Slain by a thrashing horror

Illustrated notes

Levels and vault maps discovered:
D:1:      spicycebolla_arrival_ecumenical, layout_loops_cross
D:2:      layout_loops_corners
D:3:      layout_loops_ring
D:4:      layout_loops_corners, minmay_temple_entry_mini_moons, hex_medium,
          uniq_edmund, uniq_robin
D:5:      layout_rooms, serial_shops, nicolae_diamond_shop, uniq_grinder
D:6:      layout_gridville
D:7:      layout_cave_pools, mainiacjoe_overflow_alcove_4, serial_gnoll_camp,
          gnoll_camp_huts_basic, gnoll_camp_medium_01,
          gnoll_camp_mini_loothouse, gnoll_camp_mini_hut,
          gnoll_camp_mini_sergeant, gnoll_camp_mini_basic, uniq_maggie
D:8:      layout_gridville, amethyst_overflow_temple_binary
D:9:      layout_cave_pools, kennysheep_mini_moat, david_orc_2,
          minmay_door_square, uniq_harold
D:10:     layout_gridville, dpeg_oklobed_lair, ebering_ghost_inner_flame,
          serial_park_tiny_1, minmay_increasing_density
D:11:     layout_roguey, minmay_diamond_spiral
D:12:     layout_cave_pools
D:13:     minmay_open_boxes_in_corner, layout_rooms, erik_vaults_2,
          gauntlet_entry_generic
D:14:     layout_long_grid, trove_entry_hex_spiral, eino_curves_02, minivault_1
D:15:     hangedman_depths_entry_try_elsewhere_first, layout_basic,
          serial_glass, glass_columns_c, glass_columns_a, glass_columns_a,
          glass_columns_a, glass_columns_a, item_on_display_a,
          minmay_strange_pillars
Temple:   hc_temple_tempest_star
Lair:1:   layout_gridlike, kennysheep_rathole, uniq_amaemon, uniq_erica
Lair:2:   layout_roguey, mumra_transporter_accident, roderic_batcave,
          grunt_megastairs_4
Lair:3:   layout_cave_pods, elwin_shoals_entry_rooms, spider_nest_entry_a
Lair:4:   layout_regular_city, enter_volcano_4
Lair:5:   evilmike_catoblepas_cave, layout_loops_ring, slime_entry_1
Shoals:1: layout_shoals, serial_shops, nicolae_shop_competitors_out_of_business,
          lemuel_oklob_altar, uniq_frances
Shoals:2: layout_shoals, uniq_ilsuiw
Shoals:3: layout_shoals, st_shoals_ruin
Shoals:4: shoals_end_grunt_ice, layout_shoals
Spider:1: layout_spider_delve, portal_ice_cave_entry_pillars_1
Spider:2: layout_chambers, uniq_azrael
Spider:3: layout_spider_delve, nicolae_spider_cling_halls, uniq_arachne
Spider:4: spider_rune_water
Orc:1:    nicolae_orc_accident_1, layout_diamond_mine
Orc:2:    st_orc_open, layout_caves, mines2_lemuel
Elf:1:    eino_elf_arrival_customs, layout_onion_city,
          kennysheep_underground_church
Elf:2:    nicolae_elf_blades_crystal_corner, layout_gridlike,
          lemuel_upstairs_altar, lemuel_elevator, uniq_jorgrun
Elf:3:    minmay_elf_hall_not_hex, layout_loops_cross, basic_altar
Abyss:3:  base: D:11, hangedman_abyss_monster_moat,
          nicolae_abyss_rune_star_stuff

Skill      XL: |  1  2  3  4  5  6  7  8  9 10 11 12 13 14 15 16 17 18 19 20 |
---------------+-------------------------------------------------------------+-----
Short Blades   | 1 2 3 5 6 7 8 9 10 11 12 13 14 | 14.0
Long Blades    | 1 2 3 5 6 7 8 9 10 11 12 13 14 | 14.0
Axes           | 1 2 3 5 6 7 8 9 10 11 12 13 14 | 14.0
Maces & Flails | 1 2 3 5 6 7 8 9 10 11 12 13 14 | 14.0
Polearms       | 1 2 3 5 6 7 8 9 10 11 12 13 14 | 14.0
Staves         | 1 2 3 5 6 7 8 9 10 11 12 13 14 | 14.0
Ranged Weapons | 1 2 3 5 6 7 8 9 10 11 12 13 14 | 14.0
Armour         | 1 2 3 5 6 7 8 9 10 11 12 13 14 | 14.0
Dodging        | 1 2 3 5 6 7 8 9 10 11 12 13 14 | 14.0
Stealth        | 1 2 3 5 6 7 8 9 10 11 12 13 14 | 14.0
Shields        | 1 2 3 5 6 7 8 9 10 11 12 13 14 | 14.0
Unarmed Combat | 1 2 3 5 6 7 8 9 10 11 12 13 14 | 14.0
Spellcasting   | 3 4 5 6 7 8 9 10 11 12 13 14 | 14.2
Conjurations   | 1 2 3 4 5 6 7 8 9 10 11 | 11.9
Hexes          | 1 2 3 4 5 6 7 8 9 10 11 | 11.9
Summonings     | 1 2 3 4 5 6 7 8 9 10 11 | 11.9
Necromancy     | 1 2 3 4 5 6 7 8 9 10 11 | 11.9
Translocations | 1 2 3 4 5 6 7 8 9 10 11 | 11.9
Transmutations | 1 2 3 4 5 6 7 8 9 10 11 | 11.9
Fire Magic     | 1 2 3 4 5 6 7 8 9 10 11 | 11.9
Ice Magic      | 1 2 3 4 5 6 7 8 9 10 11 | 11.9
Air Magic      | 1 2 3 4 5 6 7 8 9 10 11 | 11.9
Poison Magic   | 1 2 3 4 5 6 7 8 9 10 11 | 11.9
Invocations    | 3 4 5 6 7 8 9 10 11 12 13 14 15 | 15.4
Fighting       | 3 4 5 6 7 8 9 10 11 12 13 14 | 14.2
Evocations     | 3 4 5 6 7 8 9 10 11 12 13 14 | 14.2
Throwing       | 7 8 9 10 11 12 13 14 15 | 15.3
Earth Magic    | 6 7 8 9 10 11 12 13 | 13.0

Action                   |  1- 3 |  4- 6 |  7- 9 | 10-12 | 13-15 | 16-18 | 19-21 || total
-------------------------+-------+-------+-------+-------+-------+-------+-------++-------
Melee: Dagger            |    19 |     5 |       |       |       |       |       ||    24
       Bite              |     2 |     1 |     3 |    52 |    73 |   114 |    21 ||   266
       Punch             |     1 |       |       |       |       |       |       ||     1
       Flail             |       |     1 |    83 |   333 |   532 |   572 |   164 ||  1685
Throw: Dart              |     1 |     4 |     4 |    56 |   107 |       |       ||   172
       Throwing net      |       |       |       |       |     4 |       |       ||     4
 Cast: Sandblast         |    43 |    74 |   165 |   122 |   158 |   161 |    16 ||   739
       Stone Arrow       |       |     3 |    32 |    97 |    90 |   101 |    20 ||   343
       Mephitic Cloud    |       |       |     2 |    12 |     1 |     1 |       ||    16
       Freezing Cloud    |       |       |       |     7 |    86 |   108 |    28 ||   229
       Dispel Undead     |       |       |       |     6 |     1 |       |     3 ||    10
       Iron Shot         |       |       |       |       |    17 |   340 |   144 ||   501
       Death Channel     |       |       |       |       |       |       |     3 ||     3
Invok: Curse Item        |       |       |     2 |     4 |     4 |     3 |       ||    13
       Shatter the Chain |       |       |       |       |     4 |       |       ||     4
Evoke: Piece from Xom's  |       |     1 |       |       |       |       |       ||     1
       Wand              |       |       |     2 |    12 |     6 |     7 |     2 ||    29
       Condenser vane    |       |       |       |     1 |     1 |     1 |       ||     3
       Phial of floods   |       |       |       |       |       |     1 |     1 ||     2
       Box of beasts     |       |       |       |       |       |     1 |     1 ||     2
       Phantom mirror    |       |       |       |       |       |     1 |     1 ||     2
  Use: Potion            |       |       |       |     2 |       |     8 |     1 ||    11
       Scroll            |       |       |       |       |     2 |     4 |     1 ||     7
 Stab: Sleeping          |     1 |     1 |       |     4 |     3 |     4 |     4 ||    17
       Confused          |       |       |     1 |     7 |       |       |       ||     8
       Invisible         |       |       |       |       |       |     2 |       ||     2
       Distracted        |       |       |       |       |       |     1 |       ||     1
Armor: Robe              |     6 |     9 |       |       |       |       |       ||    15
       Leather armour    |       |       |    45 |       |       |       |       ||    45
       Acid dragon scale |       |       |    20 |   142 |   130 |   341 |    70 ||   703
Dodge: Dodged            |    22 |    23 |   144 |   525 |   469 |  1116 |   283 ||  2582
Block: Buckler           |       |       |    63 |   216 |   189 |       |       ||   468
       Kite shield       |       |       |       |       |    62 |   926 |   221 ||  1209

Table legend: (Time is in decaauts)
 A = Elapsed time spent in this place.
 B = Non-inter-level travel time spent in this place.
 C = Inter-level travel time spent in this place.
 D = Time resting spent in this place.
 E = Time spent auto-exploring this place.
 F = Levels seen in this place.
 G = Mean time per level.
                   A        B        C        D        E       F      G
               +--------+--------+--------+--------+--------+-----+--------+
         Total |  48587 |  46015 |   2572 |  15602 |  21276 |  38 | 1278.6 |
       Dungeon |  17805 |  16701 |   1104 |   4399 |   9331 |  15 | 1187.0 |
        Temple |    171 |    115 |     56 |      0 |    108 |   1 |  171.0 |
          Lair |   7345 |   6830 |    515 |   1747 |   3865 |   5 | 1469.0 |
        Shoals |   6897 |   6651 |    246 |   2770 |   2919 |   4 | 1724.2 |
   Spider Nest |   8018 |   7790 |    228 |   3818 |   2536 |   4 | 2004.5 |
  Orcish Mines |   1700 |   1492 |    208 |    335 |    738 |   2 |  850.0 |
   Elven Halls |   3506 |   3292 |    214 |   1091 |   1486 |   3 | 1168.7 |
         Abyss |    723 |    723 |      0 |    369 |      0 |   1 |  723.0 |
      Ice Cave |   1472 |   1472 |      0 |    853 |    212 |   1 | 1472.0 |
       Volcano |    398 |    398 |      0 |     86 |     80 |   1 |  398.0 |
      Gauntlet |    546 |    546 |      0 |    134 |      0 |   1 |  546.0 |
               +--------+--------+--------+--------+--------+-----+--------+

Top non-repeatable levels by time:
Shoals:4: 2316 daAuts
  Lair:5: 2237 daAuts
Spider:4: 2115 daAuts
Spider:2: 2080 daAuts
Spider:3: 1961 daAuts
   Elf:2: 1941 daAuts
Spider:1: 1862 daAuts
Shoals:1: 1638 daAuts
   Orc:2: 1621 daAuts
    D:15: 1559 daAuts
    D:14: 1535 daAuts
   Elf:1: 1514 daAuts
Shoals:2: 1476 daAuts
   IceCv: 1472 daAuts
Shoals:3: 1465 daAuts
